 Dungeon Crawl Stone Soup version 0.28-a0-1152-g9c71ebef14 (webtiles) character file.

Game seed: 2940253068498952519

82 kae the Chopper (level 4, 0/34 (39) HPs)
             Began as a Hill Orc Fighter on Dec 14, 2021.
             Killed from afar by an orc wizard (3 damage)
             ... with a magic dart
             ... on level 3 of the Dungeon.
             The game lasted 00:01:07 (2426 turns).

kae the Chopper (Hill Orc Fighter)                  Turns: 2426, Time: 00:01:08

HP:   0/34 (39)     AC:  6    Str: 17 (20) XL:     4   Next: 43%
MP:   0/4           EV:  9    Int:  7 (8)  God:
Gold: 68            SH:  4    Dex:  7 (10) Spells: 3/3 levels left

rFire   . . .      SeeInvis .   a - +0 war axe
rCold   . . .      Faith    .   c - +0 buckler
rNeg    . . .      Spirit   +   b - +0 scale mail
rPois   .          Reflect  .   (no helmet)
rElec   .          Harm     .   (no cloak)
rCorr   .          Rampage  .   (no gloves)
Will    .....                   (no boots)
Stlth   ..........              i - amulet of guardian spirit
HPRegen 0.11/turn               (no ring)
MPRegen 0.09/turn               (no ring)

@: heavily drained
A: no striking features
a: no special abilities


You were on level 3 of the Dungeon.
You visited 1 branch of the dungeon, and saw 3 of its levels.

You collected 165 gold pieces.
You spent 97 gold pieces at shops.

Inventory:

Hand Weapons
 a - a +0 war axe (weapon)
Armour
 b - a +0 scale mail (worn)
 c - a +0 buckler (worn)
Jewellery
 i - an amulet of guardian spirit (around neck)
 n - a ring of wizardry
Scrolls
 e - 2 scrolls of fear
 f - a scroll of brand weapon {unknown}
 j - 2 scrolls of teleportation {unknown}
 k - a scroll of torment {unknown}
 m - 2 scrolls of identify {unknown}
Potions
 d - a potion of might
 g - a potion of heal wounds {unknown}
 h - a potion of haste
 l - a potion of curing {unknown}


   Skills:
 - Level 3.6 Fighting
 + Level 5.4 Axes
 - Level 3.2 Armour
 - Level 4.0 Shields


You had 3 spell levels left.
You didn't know any spells.
Your spell library was empty.

Dungeon Overview and Level Annotations

Branches:
Dungeon (3/15)

Altars:
Yredelemnul

Shops:
D:3 *

Annotations:
D:3 1 runed translucent door


Message History

You barely miss the orc. You hit the orc. The orc closely misses you.
You block the orc's attack. The orc hits you with a +0 war axe.
The orc hits you with a +0 whip.
You slash the orc!
You kill the orc!
You hit the orc wizard but do no damage.
You hit the orc.
The orc wizard hits you but does no damage.
The orc closely misses you.
The orc wizard hits you but does no damage.
You closely miss the orc.
The orc is heavily wounded.
You slash the orc wizard! The orc hits you with a +0 war axe.
The orc wizard misses you.
You barely miss the orc wizard.
The orc wizard is heavily wounded.
You barely miss the orc. The orc barely misses you.
You block the orc wizard's attack.
You hit the orc wizard.
The orc wizard is severely wounded.
You hit the orc. The orc hits you but does no damage.
You block the orc wizard's attack.
You closely miss the orc wizard.
The orc wizard is severely wounded.
You hit the orc but do no damage. The orc hits you with a +0 war axe.
The orc wizard points at you and mumbles some strange words.
The puff of flame hits you! The orc hits you with a +0 war axe.
* * * LOW HITPOINT WARNING * * *
You are too injured to fight recklessly!
You are too injured to fight recklessly!
You are too injured to fight recklessly!
You barely miss the orc wizard.
The orc wizard is severely wounded.
You barely miss the orc.
The orc wizard hits you with a +0 dagger.
* * * LOW HITPOINT WARNING * * *
The orc closely misses you.
The orc wizard gestures at you while chanting.
The magic dart hits you.
You die...

....#..[..##
...........## ######
............#######.....
.............. ......#..
............# #....#
...$..?.....# #.#...
...§.§oo....# #.....
.)..§.)@$..# ###....#
.>._.......# #.......
#...§#.###.# ##.#.....
#### #. #.#####......##
#. #.............. ##
##...###....###
#..#.([......#
#.##...#>....#
...##.....#...#


You could see an orc wizard and an orc.

Vanquished Creatures
  2 adders (D:2)
  3 worms
  A dart slug (D:3)
  3 orcs (D:3)
  3 bats
  4 endoplasms
  A giant cockroach (D:1)
  2 goblins (D:2)
  4 hobgoblins
  3 kobolds
  2 quokkas
  10 ball pythons
  4 frilled lizards
  A jackal skeleton (D:3)
  A kobold zombie (D:3)
  7 rats (D:1)
51 creatures vanquished.

Notes
Turn   | Place    | Note
-------+----------+-------------------------------------------
     0 | D:1      | kae the Hill Orc Fighter began the quest for the Orb.
     0 | D:1      | Reached XP level 1. HP: 19/19 MP: 1/1
   116 | D:1      | Reached skill level 3 in Axes
   196 | D:1      | Reached XP level 2. HP: 25/26 MP: 2/2
   599 | D:1      | Reached XP level 3. HP: 25/31 MP: 3/3
  1072 | D:2      | Reached skill level 4 in Axes
  1659 | D:2      | Reached XP level 4. HP: 39/39 MP: 4/4
  1919 | D:3      | Noticed a human
  1919 | D:3      | Found a runed translucent door.
  1926 | D:3      | Reached skill level 5 in Axes
  1935 | D:3      | Found a basalt altar of Yredelemnul.
  1969 | D:3      | Found Wauw's Assorted Antiques.
  1980 | D:3      | Bought a fuming puce potion for 22 gold pieces
  1980 | D:3      | Bought a scroll labelled XIOMUR ELELEB for 25 gold pieces
  1980 | D:3      | Bought a scroll labelled XIOMUR ELELEB for 25 gold pieces
  1980 | D:3      | Bought a scroll labelled YVUUSE IBLEAT for 25 gold pieces
  1986 | D:3      | Noticed a scorpion
  2414 | D:3      | Found a faded altar of an unknown god.
  2426 | D:3      | Killed from afar by an orc wizard

Illustrated notes

Levels and vault maps discovered:
D:1:      dpeg_arrival_water_fire, layout_basic
D:2:      layout_basic, minivault_27, grunt_ministairs_2
D:3:      layout_rooms, dk_yredelemnul_ordeal, nicolae_qazlal_eye_of_the_storm,
          serial_shops, nicolae_shop_stone, ebering_ecumenical_altar_mist

Skill      XL: |  1  2  3  4 |
---------------+-------------+-----
Axes           | 3 4 5 |  5.4
Shields        | 4 |  4.0
Fighting       | |  3.6
Armour         | |  3.2

Action                   |  1- 3 |  4- 6 || total
-------------------------+-------+-------++-------
Melee: War axe           |    95 |    40 ||   135
  Use: Scroll            |     2 |       ||     2
       Potion            |       |     2 ||     2
Armor: Scale mail        |    42 |    14 ||    56
Dodge: Dodged            |    43 |    21 ||    64
Block: Buckler           |    10 |    12 ||    22

Table legend: (Time is in decaauts)
 A = Elapsed time spent in this place.
 B = Non-inter-level travel time spent in this place.
 C = Inter-level travel time spent in this place.
 D = Time resting spent in this place.
 E = Time spent auto-exploring this place.
 F = Levels seen in this place.
 G = Mean time per level.
                   A        B        C        D        E       F      G
               +--------+--------+--------+--------+--------+-----+--------+
         Total |   2449 |   2365 |     84 |    227 |   1779 |   3 |  816.3 |
       Dungeon |   2449 |   2365 |     84 |    227 |   1779 |   3 |  816.3 |
               +--------+--------+--------+--------+--------+-----+--------+

Top non-repeatable levels by time:
     D:2: 1210 daAuts
     D:1: 980 daAuts
     D:3: 258 daAuts
